Workbook

Sheet 入力
B2: 現金出納帳（かんたん入力）
F3: 開始残高 | G3: 30000
B4: 事業者名 | C4: 株式会社 〇□△ | F4: 【使い方】黄色いセルだけ入力します。「相手勘定科目」はセルをクリックして▼から選択。入金・出金はどちらか片方だけ入力してください（残高は自動計算）。
B5: 日付 | C5: 相手勘定科目 | D5: 摘要 | E5: 入金 | F5: 出金 | G5: 残高
B6: 46253 | C6: 交際費 | D6: お中元 | F6: 5000 | G6: =IF(AND(B6="",E6="",F6=""),"",G3+N(E6)-N(F6)) -> 25000
B7: 46254 | C7: 広島銀行 普通 | D7: 入金 | E7: 10000 | G7: =IF(AND(B7="",E7="",F7=""),"",G6+N(E7)-N(F7)) -> 35000
G8: =IF(AND(B8="",E8="",F8=""),"",G7+N(E8)-N(F8))
G9: =IF(AND(B9="",E9="",F9=""),"",G8+N(E9)-N(F9))
G10: =IF(AND(B10="",E10="",F10=""),"",G9+N(E10)-N(F10))
G11: =IF(AND(B11="",E11="",F11=""),"",G10+N(E11)-N(F11))
G12: =IF(AND(B12="",E12="",F12=""),"",G11+N(E12)-N(F12))
G13: =IF(AND(B13="",E13="",F13=""),"",G12+N(E13)-N(F13))
G14: =IF(AND(B14="",E14="",F14=""),"",G13+N(E14)-N(F14))
G15: =IF(AND(B15="",E15="",F15=""),"",G14+N(E15)-N(F15))
G16: =IF(AND(B16="",E16="",F16=""),"",G15+N(E16)-N(F16))
G17: =IF(AND(B17="",E17="",F17=""),"",G16+N(E17)-N(F17))
G18: =IF(AND(B18="",E18="",F18=""),"",G17+N(E18)-N(F18))
G19: =IF(AND(B19="",E19="",F19=""),"",G18+N(E19)-N(F19))
... G305: =IF(AND(B305="",E305="",F305=""),"",G304+N(E305)-N(F305))

Sheet CSV変換
A1: 法人
A2: 仕訳日記帳
B3: =入力!C4 -> 株式会社 〇□△
A4: 自 年 月 日 | B4: 至 年 月 日 | C4: 月分
A5: 日付 | B5: 決修 | C5: 伝票番号 | D5: 部門ｺｰﾄﾞ | E5: 借方工事ｺｰﾄﾞ | F5: 借方ｺｰﾄﾞ | G5: 借方名称 | H5: 借方枝番 | I5: 借方枝番摘要 | J5: 部門コード | K5: 貸方工事ｺｰﾄﾞ | L5: 貸方ｺｰﾄﾞ | M5: 貸方名称 | N5: 貸方枝番 | O5: 貸方枝番摘要 | P5: 金額 | Q5: 摘要 | R5: 税区分 | S5: 対価 | T5: 仕入区分 | U5: 売上業種区分 | V5: ﾀﾞﾐｰ1 | W5: ﾀﾞﾐｰ2 | X5: ﾀﾞﾐｰ3 | Y5: 税額 | Z5: ﾀﾞﾐｰ4 | AA5: ﾀﾞﾐｰ5
A6: =IF(入力!$C6="","",TEXT(入力!$B6,"yyyy年m月d日")) -> 2026年8月19日 | F6: =IF(入力!$C6="","",IF(N(入力!$E6)>0,101,IFERROR(VLOOKUP(入力!$C6,科目マスタ!$A:$C,2,FALSE),""))) -> 727 | G6: =IF(入力!$C6="","",IF(N(入力!$E6)>0,"現金",IFERROR(VLOOKUP(入力!$C6,科目マスタ!$A:$C,3,FALSE),入力!$C6))) -> 交際費 | L6: =IF(入力!$C6="","",IF(N(入力!$E6)>0,IFERROR(VLOOKUP(入力!$C6,科目マスタ!$A:$C,2,FALSE),""),101)) -> 101 | M6: =IF(入力!$C6="","",IF(N(入力!$E6)>0,IFERROR(VLOOKUP(入力!$C6,科目マスタ!$A:$C,3,FALSE),入力!$C6),"現金")) -> 現金 | P6: =IF(入力!$C6="","",N(入力!$E6)+N(入力!$F6)) -> 5000 | Q6: =IF(入力!$C6="","",入力!$D6) -> お中元
A7: =IF(入力!$C7="","",TEXT(入力!$B7,"yyyy年m月d日")) -> 2026年8月20日 | F7: =IF(入力!$C7="","",IF(N(入力!$E7)>0,101,IFERROR(VLOOKUP(入力!$C7,科目マスタ!$A:$C,2,FALSE),""))) -> 101 | G7: =IF(入力!$C7="","",IF(N(入力!$E7)>0,"現金",IFERROR(VLOOKUP(入力!$C7,科目マスタ!$A:$C,3,FALSE),入力!$C7))) -> 現金 | L7: =IF(入力!$C7="","",IF(N(入力!$E7)>0,IFERROR(VLOOKUP(入力!$C7,科目マスタ!$A:$C,2,FALSE),""),101)) -> 121 | M7: =IF(入力!$C7="","",IF(N(入力!$E7)>0,IFERROR(VLOOKUP(入力!$C7,科目マスタ!$A:$C,3,FALSE),入力!$C7),"現金")) -> 広島銀行 普通 | P7: =IF(入力!$C7="","",N(入力!$E7)+N(入力!$F7)) -> 10000 | Q7: =IF(入力!$C7="","",入力!$D7) -> 入金
A8: =IF(入力!$C8="","",TEXT(入力!$B8,"yyyy年m月d日")) | F8: =IF(入力!$C8="","",IF(N(入力!$E8)>0,101,IFERROR(VLOOKUP(入力!$C8,科目マスタ!$A:$C,2,FALSE),""))) | G8: =IF(入力!$C8="","",IF(N(入力!$E8)>0,"現金",IFERROR(VLOOKUP(入力!$C8,科目マスタ!$A:$C,3,FALSE),入力!$C8))) | L8: =IF(入力!$C8="","",IF(N(入力!$E8)>0,IFERROR(VLOOKUP(入力!$C8,科目マスタ!$A:$C,2,FALSE),""),101)) | M8: =IF(入力!$C8="","",IF(N(入力!$E8)>0,IFERROR(VLOOKUP(入力!$C8,科目マスタ!$A:$C,3,FALSE),入力!$C8),"現金")) | P8: =IF(入力!$C8="","",N(入力!$E8)+N(入力!$F8)) | Q8: =IF(入力!$C8="","",入力!$D8)
A9: =IF(入力!$C9="","",TEXT(入力!$B9,"yyyy年m月d日")) | F9: =IF(入力!$C9="","",IF(N(入力!$E9)>0,101,IFERROR(VLOOKUP(入力!$C9,科目マスタ!$A:$C,2,FALSE),""))) | G9: =IF(入力!$C9="","",IF(N(入力!$E9)>0,"現金",IFERROR(VLOOKUP(入力!$C9,科目マスタ!$A:$C,3,FALSE),入力!$C9))) | L9: =IF(入力!$C9="","",IF(N(入力!$E9)>0,IFERROR(VLOOKUP(入力!$C9,科目マスタ!$A:$C,2,FALSE),""),101)) | M9: =IF(入力!$C9="","",IF(N(入力!$E9)>0,IFERROR(VLOOKUP(入力!$C9,科目マスタ!$A:$C,3,FALSE),入力!$C9),"現金")) | P9: =IF(入力!$C9="","",N(入力!$E9)+N(入力!$F9)) | Q9: =IF(入力!$C9="","",入力!$D9)
A10: =IF(入力!$C10="","",TEXT(入力!$B10,"yyyy年m月d日")) | F10: =IF(入力!$C10="","",IF(N(入力!$E10)>0,101,IFERROR(VLOOKUP(入力!$C10,科目マスタ!$A:$C,2,FALSE),""))) | G10: =IF(入力!$C10="","",IF(N(入力!$E10)>0,"現金",IFERROR(VLOOKUP(入力!$C10,科目マスタ!$A:$C,3,FALSE),入力!$C10))) | L10: =IF(入力!$C10="","",IF(N(入力!$E10)>0,IFERROR(VLOOKUP(入力!$C10,科目マスタ!$A:$C,2,FALSE),""),101)) | M10: =IF(入力!$C10="","",IF(N(入力!$E10)>0,IFERROR(VLOOKUP(入力!$C10,科目マスタ!$A:$C,3,FALSE),入力!$C10),"現金")) | P10: =IF(入力!$C10="","",N(入力!$E10)+N(入力!$F10)) | Q10: =IF(入力!$C10="","",入力!$D10)
A11: =IF(入力!$C11="","",TEXT(入力!$B11,"yyyy年m月d日")) | F11: =IF(入力!$C11="","",IF(N(入力!$E11)>0,101,IFERROR(VLOOKUP(入力!$C11,科目マスタ!$A:$C,2,FALSE),""))) | G11: =IF(入力!$C11="","",IF(N(入力!$E11)>0,"現金",IFERROR(VLOOKUP(入力!$C11,科目マスタ!$A:$C,3,FALSE),入力!$C11))) | L11: =IF(入力!$C11="","",IF(N(入力!$E11)>0,IFERROR(VLOOKUP(入力!$C11,科目マスタ!$A:$C,2,FALSE),""),101)) | M11: =IF(入力!$C11="","",IF(N(入力!$E11)>0,IFERROR(VLOOKUP(入力!$C11,科目マスタ!$A:$C,3,FALSE),入力!$C11),"現金")) | P11: =IF(入力!$C11="","",N(入力!$E11)+N(入力!$F11)) | Q11: =IF(入力!$C11="","",入力!$D11)
A12: =IF(入力!$C12="","",TEXT(入力!$B12,"yyyy年m月d日")) | F12: =IF(入力!$C12="","",IF(N(入力!$E12)>0,101,IFERROR(VLOOKUP(入力!$C12,科目マスタ!$A:$C,2,FALSE),""))) | G12: =IF(入力!$C12="","",IF(N(入力!$E12)>0,"現金",IFERROR(VLOOKUP(入力!$C12,科目マスタ!$A:$C,3,FALSE),入力!$C12))) | L12: =IF(入力!$C12="","",IF(N(入力!$E12)>0,IFERROR(VLOOKUP(入力!$C12,科目マスタ!$A:$C,2,FALSE),""),101)) | M12: =IF(入力!$C12="","",IF(N(入力!$E12)>0,IFERROR(VLOOKUP(入力!$C12,科目マスタ!$A:$C,3,FALSE),入力!$C12),"現金")) | P12: =IF(入力!$C12="","",N(入力!$E12)+N(入力!$F12)) | Q12: =IF(入力!$C12="","",入力!$D12)
A13: =IF(入力!$C13="","",TEXT(入力!$B13,"yyyy年m月d日")) | F13: =IF(入力!$C13="","",IF(N(入力!$E13)>0,101,IFERROR(VLOOKUP(入力!$C13,科目マスタ!$A:$C,2,FALSE),""))) | G13: =IF(入力!$C13="","",IF(N(入力!$E13)>0,"現金",IFERROR(VLOOKUP(入力!$C13,科目マスタ!$A:$C,3,FALSE),入力!$C13))) | L13: =IF(入力!$C13="","",IF(N(入力!$E13)>0,IFERROR(VLOOKUP(入力!$C13,科目マスタ!$A:$C,2,FALSE),""),101)) | M13: =IF(入力!$C13="","",IF(N(入力!$E13)>0,IFERROR(VLOOKUP(入力!$C13,科目マスタ!$A:$C,3,FALSE),入力!$C13),"現金")) | P13: =IF(入力!$C13="","",N(入力!$E13)+N(入力!$F13)) | Q13: =IF(入力!$C13="","",入力!$D13)
A14: =IF(入力!$C14="","",TEXT(入力!$B14,"yyyy年m月d日")) | F14: =IF(入力!$C14="","",IF(N(入力!$E14)>0,101,IFERROR(VLOOKUP(入力!$C14,科目マスタ!$A:$C,2,FALSE),""))) | G14: =IF(入力!$C14="","",IF(N(入力!$E14)>0,"現金",IFERROR(VLOOKUP(入力!$C14,科目マスタ!$A:$C,3,FALSE),入力!$C14))) | L14: =IF(入力!$C14="","",IF(N(入力!$E14)>0,IFERROR(VLOOKUP(入力!$C14,科目マスタ!$A:$C,2,FALSE),""),101)) | M14: =IF(入力!$C14="","",IF(N(入力!$E14)>0,IFERROR(VLOOKUP(入力!$C14,科目マスタ!$A:$C,3,FALSE),入力!$C14),"現金")) | P14: =IF(入力!$C14="","",N(入力!$E14)+N(入力!$F14)) | Q14: =IF(入力!$C14="","",入力!$D14)
A15: =IF(入力!$C15="","",TEXT(入力!$B15,"yyyy年m月d日")) | F15: =IF(入力!$C15="","",IF(N(入力!$E15)>0,101,IFERROR(VLOOKUP(入力!$C15,科目マスタ!$A:$C,2,FALSE),""))) | G15: =IF(入力!$C15="","",IF(N(入力!$E15)>0,"現金",IFERROR(VLOOKUP(入力!$C15,科目マスタ!$A:$C,3,FALSE),入力!$C15))) | L15: =IF(入力!$C15="","",IF(N(入力!$E15)>0,IFERROR(VLOOKUP(入力!$C15,科目マスタ!$A:$C,2,FALSE),""),101)) | M15: =IF(入力!$C15="","",IF(N(入力!$E15)>0,IFERROR(VLOOKUP(入力!$C15,科目マスタ!$A:$C,3,FALSE),入力!$C15),"現金")) | P15: =IF(入力!$C15="","",N(入力!$E15)+N(入力!$F15)) | Q15: =IF(入力!$C15="","",入力!$D15)
A16: =IF(入力!$C16="","",TEXT(入力!$B16,"yyyy年m月d日")) | F16: =IF(入力!$C16="","",IF(N(入力!$E16)>0,101,IFERROR(VLOOKUP(入力!$C16,科目マスタ!$A:$C,2,FALSE),""))) | G16: =IF(入力!$C16="","",IF(N(入力!$E16)>0,"現金",IFERROR(VLOOKUP(入力!$C16,科目マスタ!$A:$C,3,FALSE),入力!$C16))) | L16: =IF(入力!$C16="","",IF(N(入力!$E16)>0,IFERROR(VLOOKUP(入力!$C16,科目マスタ!$A:$C,2,FALSE),""),101)) | M16: =IF(入力!$C16="","",IF(N(入力!$E16)>0,IFERROR(VLOOKUP(入力!$C16,科目マスタ!$A:$C,3,FALSE),入力!$C16),"現金")) | P16: =IF(入力!$C16="","",N(入力!$E16)+N(入力!$F16)) | Q16: =IF(入力!$C16="","",入力!$D16)
A17: =IF(入力!$C17="","",TEXT(入力!$B17,"yyyy年m月d日")) | F17: =IF(入力!$C17="","",IF(N(入力!$E17)>0,101,IFERROR(VLOOKUP(入力!$C17,科目マスタ!$A:$C,2,FALSE),""))) | G17: =IF(入力!$C17="","",IF(N(入力!$E17)>0,"現金",IFERROR(VLOOKUP(入力!$C17,科目マスタ!$A:$C,3,FALSE),入力!$C17))) | L17: =IF(入力!$C17="","",IF(N(入力!$E17)>0,IFERROR(VLOOKUP(入力!$C17,科目マスタ!$A:$C,2,FALSE),""),101)) | M17: =IF(入力!$C17="","",IF(N(入力!$E17)>0,IFERROR(VLOOKUP(入力!$C17,科目マスタ!$A:$C,3,FALSE),入力!$C17),"現金")) | P17: =IF(入力!$C17="","",N(入力!$E17)+N(入力!$F17)) | Q17: =IF(入力!$C17="","",入力!$D17)
... A305: =IF(入力!$C305="","",TEXT(入力!$B305,"yyyy年m月d日")) | F305: =IF(入力!$C305="","",IF(N(入力!$E305)>0,101,IFERROR(VLOOKUP(入力!$C305,科目マスタ!$A:$C,2,FALSE),""))) | G305: =IF(入力!$C305="","",IF(N(入力!$E305)>0,"現金",IFERROR(VLOOKUP(入力!$C305,科目マスタ!$A:$C,3,FALSE),入力!$C305))) | L305: =IF(入力!$C305="","",IF(N(入力!$E305)>0,IFERROR(VLOOKUP(入力!$C305,科目マスタ!$A:$C,2,FALSE),""),101)) | M305: =IF(入力!$C305="","",IF(N(入力!$E305)>0,IFERROR(VLOOKUP(入力!$C305,科目マスタ!$A:$C,3,FALSE),入力!$C305),"現金")) | P305: =IF(入力!$C305="","",N(入力!$E305)+N(入力!$F305)) | Q305: =IF(入力!$C305="","",入力!$D305)

Sheet 科目マスタ
A1: 表示名 | B1: コード | C1: 科目名称
A2: 売上高１ | B2: 511 | C2: 売上高１
A3: 他売上高 | B3: 520 | C3: 他売上高
A4: 売上値引 | B4: 521 | C4: 売上値引
A5: 売上戻り | B5: 522 | C5: 売上戻り
A6: 期首商品棚卸高 | B6: 611 | C6: 期首商品棚卸高
A7: 期首製品棚卸高 | B7: 612 | C7: 期首製品棚卸高
A8: 仕入高１ | B8: 550 | C8: 仕入高１
A9: 他仕入高 | B9: 559 | C9: 他仕入高
A10: 仕入値引 | B10: 615 | C10: 仕入値引
A11: 仕入戻し | B11: 616 | C11: 仕入戻し
A12: 期末商品棚卸高 | B12: 617 | C12: 期末商品棚卸高
A13: 期末製品棚卸高 | B13: 618 | C13: 期末製品棚卸高
... A209: 資本金 | B209: 411 | C209: 資本金
